 Dungeon Crawl Stone Soup version 0.23.0 (webtiles) character file.

Game seed: 13345975077896791513

284 redwoodhats the Poker (level 6, -9/38 HPs)
             Began as a Tengu Fighter on Feb 11, 2019.
             Was an Initiate of the Shining One.
             Mangled by an ogre
             ... wielding a +0 giant spiked club
              (17 damage)
             ... on level 4 of the Dungeon.
             The game lasted 00:18:02 (3686 turns).

redwoodhats the Poker (Tengu Fighter)               Turns: 3686, Time: 00:18:03

Health: -9/38      AC:  7    Str: 16    XL:     6   Next: 29%
Magic:  7/7        EV:  9    Int:  8    God:    the Shining One [......]
Gold:   179        SH:  9    Dex: 16    Spells: 5/5 levels left

rFire    . . .     SeeInvis .   a - +0 trident
rCold    . . .     Gourm    .   c - +0 shield
rNeg     . . .     Faith    .   b - +0 scale mail
rPois    .         Spirit   .   (helmet restricted)
rElec    .         Reflect  .   (no cloak)
rCorr    .         Harm     .   (no gloves)
MR       .....                  (boots unavailable)
Stlth    ..........             (no amulet)
HPRegen  0.12/turn              (no ring)
MPRegen  0.10/turn              (no ring)

@: flying quickly and evasively, glowing, quick
A: beak, talons 3, able to fly
a: Stop Flying, Renounce Religion


You were on level 4 of the Dungeon.
You worshipped the Shining One.
The Shining One was noncommittal.
You were not hungry.

You visited 1 branch of the dungeon, and saw 4 of its levels.

You collected 179 gold pieces.

Inventory:

Hand Weapons
 a - a +0 trident (weapon)
 g - a +3 dagger of speed
Missiles
 j - 2 throwing nets (quivered)
Armour
 b - a +0 scale mail (worn)
 c - a +0 shield (worn)
 i - a +1 animal skin
 l - a +0 pair of gloves
 s - a +0 cloak
Jewellery
 k - an uncursed amulet of the gourmand
 p - a +4 ring of intelligence {unknown}
Scrolls
 e - a scroll of identify
 m - 2 scrolls of magic mapping {unknown}
 n - a scroll of amnesia {unknown}
 o - a scroll of enchant weapon {unknown}
 q - a scroll of teleportation {unknown}
 u - a scroll of remove curse
 v - a scroll of enchant armour {unknown}
Potions
 d - a potion of might
 h - 2 potions of degeneration
 r - a potion of berserk rage {unknown}
 t - a potion of ambrosia {unknown}
Comestibles
 f - 4 rations


   Skills:
 + Level 3.8 Fighting
 + Level 5.0 Polearms
 + Level 4.4 Armour
 + Level 0.8 Dodging
 + Level 0.1 Stealth
 + Level 3.8 Shields


You had 5 spell levels left.
You didn't know any spells.
Your spell library was empty.

Dungeon Overview and Level Annotations

Branches:
Dungeon (4/15)
 Temple: D:4-7

Altars:
Makhleb
Okawaru
The Shining One


Innate Abilities, Weirdness & Mutations

You have a beak for a mouth.
You have claws for feet.
You can fly continuously.


Message History

You are feeling hungry.
You see here an adder corpse.
You butcher the adder corpse.
w - a chunk of flesh You see here an adder skeleton.
Okay, then.
Eat a chunk of flesh? (ye/n/q)
You eat the chunk of flesh.
This raw flesh tastes terrible.
An ogre comes into view. It is wielding a +0 giant spiked club.
The ogre shouts!
The ogre hits you with a +0 giant spiked club!
You hit the ogre but do no damage. Your kick misses the ogre.
The ogre hits you with a +0 giant spiked club!!
* * * LOW HITPOINT WARNING * * *
You puncture the ogre! You peck the ogre, but do no damage.
The ogre is moderately wounded.
You completely miss the ogre. You peck the ogre.
The ogre is moderately wounded.
The ogre hits you with a +0 giant spiked club!
You die...

....#
....#
....#
....#
### ..
....+
..##.#
....#
#.##.#
....#
#.##.#
#####
#O##.#
#@##.#
#.##.#
#....#
####.#
#.##
#..#
##.##
#..#
##.#


You could see an ogre.

Vanquished Creatures
  A howler monkey (D:4)
  A hound (D:4)
  An orc priest (D:3)
  Robin (D:2)
  7 adders
  3 oozes
  A worm (D:2)
  4 dart slugs (D:1)
  A leopard gecko (D:1)
  6 orcs
  4 giant cockroaches
  15 goblins
  9 hobgoblins
  4 jackals
  A quokka (D:3)
  4 bats
  6 frilled lizards
  13 kobolds
  2 rats
84 creatures vanquished.

Notes
Turn   | Place    | Note
-------+----------+-------------------------------------------
     0 | D:1      | redwoodhats the Tengu Fighter began the quest for the Orb.
     0 | D:1      | Reached XP level 1. HP: 14/14 MP: 2/2
   114 | D:1      | Reached XP level 2. HP: 10/19 MP: 3/3
   543 | D:1      | Reached XP level 3. HP: 18/23 MP: 4/4
  1450 | D:2      | Reached skill level 3 in Polearms
  1608 | D:2      | Reached XP level 4. HP: 26/28 MP: 5/5
  1626 | D:2      | Noticed Robin
  1678 | D:2      | Killed Robin
  1822 | D:2      | Gained mutation: You can fly continuously. [Tengu growth]
  1822 | D:2      | Reached XP level 5. HP: 27/32 MP: 6/6
  2646 | D:3      | Reached skill level 4 in Polearms
  3183 | D:4      | Reached XP level 6. HP: 29/38 MP: 7/7
  3266 | D:4      | Found an iron altar of Okawaru.
  3383 | D:4      | Found a burning altar of Makhleb.
  3587 | D:4      | Found a glowing golden altar of the Shining One.
  3603 | D:4      | Became a worshipper of the Shining One
  3625 | D:4      | Reached skill level 5 in Polearms
  3686 | D:4      | Mangled by an ogre

Skill      XL: |  1  2  3  4  5  6 |
---------------+-------------------+-----
Polearms       | 3 4 5 |  5.0
Armour         | 4 |  4.4
Fighting       | |  3.8
Dodging        | |  0.8
Stealth        | |  0.1
Shields        | |  3.8

Action                   |  1- 3 |  4- 6 || total
-------------------------+-------+-------++-------
Melee: Trident           |    91 |   127 ||   218
       Kick              |    19 |    24 ||    43
       Peck              |    12 |    19 ||    31
 Abil: Fly               |       |     1 ||     1
  Use: Scroll            |     3 |     1 ||     4
       Potion            |     2 |     2 ||     4
  Eat: Ration            |     1 |     1 ||     2
       Chunk             |       |     2 ||     2
Armor: Scale mail        |    42 |    44 ||    86
Dodge: Dodged            |    28 |    46 ||    74
Block: Shield            |    49 |    57 ||   106
